 Dungeon Crawl Stone Soup version 0.30-a0-782-ge64f9170bb (webtiles) character file.

Game seed: 6633769288656323395

397 112233 the Magician (level 6, -21/32 HPs)
             Began as a Deep Elf Air Elementalist on Mar 2, 2023.
             Demolished by an ogre
             ... wielding a +0 giant spiked club
              (30 damage)
             ... on level 4 of the Dungeon.
             The game lasted 00:14:16 (5141 turns).

112233 the Magician (Deep Elf Air Elementalist)     Turns: 5141, Time: 00:14:17

Health: -21/32     AC:  4    Str: 11    XL:     6   Next: 53%
Magic:  11/15      EV: 14    Int: 22    God:
Gold:   223        SH:  0    Dex: 15    Spells: 12/15 levels left

rFire   . . .      SeeInvis .    o - +2 dagger (venom)
rCold   . . .      Faith    .    (no shield)
rNeg    . . .      Spirit   .    a - +0 robe
rPois   .          Reflect  .    (helmet restricted)
rElec   .          Harm     .    (no cloak)
rCorr   .          Rampage  .    (no gloves)
Will    .....                    g - +1 pair of boots
Stlth   +++                      (no amulet)
HPRegen 0.25/turn                c - +6 ring of strength
MPRegen 0.14/turn                (no ring)

@: brilliant, on berserk cooldown, slowed, unable to drink, very slow
A: claws 1, horns 1, subdued magic 1, inability to drink after injury 1
a: no special abilities


You were on level 4 of the Dungeon.
You visited 1 branch of the dungeon, and saw 5 of its levels.

You collected 247 gold pieces.
You spent 24 gold pieces at shops.

Inventory:

Hand Weapons
 o - a +2 dagger of venom (weapon)
 r - a +1 spear of venom
Armour
 a - a +0 robe (worn)
 g - a +1 pair of boots (worn)
 k - a +0 helmet
Magical Staves
 p - a staff of fire
Jewellery
 c - a +6 ring of strength (left claw)
 q - an amulet of guardian spirit
Scrolls
 e - 2 scrolls of fog
 f - a scroll of identify
 l - 3 scrolls of poison
 n - 2 scrolls of amnesia
 t - 2 scrolls of immolation
Potions
 b - a potion of magic
 i - 3 potions of curing


   Skills:
 + Level 4.4 Dodging
 - Level 4.1 Stealth
 + Level 5.0 Spellcasting
 + Level 3.4 Conjurations
 + Level 4.2 Air Magic


You had 12 spell levels left.
You knew the following spells:

 Your Spells              Type           Power      Damage    Failure   Level
a - Shock                 Conj/Air       100%       1d9       1%          1
b - Static Discharge      Conj/Air       50%        2-5/arc   2%          2

Your spell library contained the following spells:

 Spells                   Type           Power      Damage    Failure   Level
 Magic Dart               Conj           92%        1d7       1%          1
 Searing Ray              Conj           46%        2d6       2%          2
 Poisonous Vapours        Pois/Air       34%        N/A       4%          2
 Swiftness                Air            28%        N/A       4%          3
 Sting                    Tmut/Pois      24%        1d4       8%          1
 Scorch                   Fire           12%        2d5       13%         2
 Airstrike                Air            14%        2d(2-18)  14%         4
 Flame Wave               Conj/Fire      15%        2d7       41%         4
 Fulminant Prism          Conj/Hex       7%         3d7       41%         4
 Olgreb's Toxic Radiance  Pois           6%         N/A       65%         4
 Summon Cactus Giant      Summ           3%         N/A       100%        6


Dungeon Overview and Level Annotations

Branches:
Dungeon (5/15)
 Temple: D:4-7

Altars:
Cheibriados
Okawaru
Sif Muna

Shops:
D:4 ?

Annotations:
D:2 Sigmund
D:3 exclusion: downstairs
D:4 exclusion: 2 downstairs, Eustachio


Innate Abilities, Weirdness & Mutations

You have sharp fingernails.
You have a pair of small horns on your head.
Your spells are a little easier to cast, but a little less powerful.
You occasionally lose the ability to drink potions when taking damage.


Message History

The ogre barely misses you.
Casting: Static Discharge (safe; 2% risk of failure)
Confirm with . or Enter, or press ? or * to list all spells.
The ogre is struck by an arc of lightning.
The ogre is lightly wounded.
You are struck by an arc of lightning.
The ogre is struck by an arc of lightning.
The ogre is moderately wounded.
You are struck by an arc of lightning.
The lightning grounds out.
The ogre hits you with a +0 giant spiked club!!
Ouch! That really hurt!
* * * LOW HITPOINT WARNING * * *
Unknown command.
Okay, then.
It was a potion of berserk rage.
A red film seems to cover your vision as you go berserk!
You feel yourself moving faster!
You feel mighty! The ogre barely misses you.
Unknown command.
You feel a strong urge to attack something.
You feel your anger nearly subside.
You are no longer berserk.
You are exhausted.
You feel yourself slow down.
Okay, then.
It was a potion of brilliance.
You feel clever all of a sudden. The ogre misses you.
Unknown command.
Casting: Static Discharge (safe; 2% risk of failure)
Confirm with . or Enter, or press ? or * to list all spells.
You feel a surge of power!
The ogre is struck by an arc of lightning.
The ogre is moderately wounded.
You are struck by an arc of lightning.
* * * LOW HITPOINT WARNING * * *
The lightning grounds out.
The ogre barely misses you.
The ogre hits you with a +0 giant spiked club!!
You feel threatened and lose the ability to drink potions!
Ouch! That really hurt!
You die...

#####.#.##.#####.............####
#.............##.#...#.####
#..#....####..##.......#####
#..###..# #..##.##........###
####..###..####.(##.##.#..###....
.......................#..#######
...#..###..###...##.##...........
...............#O†.....##.####...
.....####.####..@##.#####.# ###.#
.....# #.# ##.###.#####.# #....
...#.# #.# #.# #.......# #.###
)###.# #.# #.# #.####### #.... .#
#.####.#####<# #.# #####
.###............# #.## #
...######..###### #..# ##### #
##.......[.# #..# ##...## #
.#§#######.# ##..###..#..##


You could see an ogre.

Vanquished Creatures
  A necrophage (D:4)
  3 hounds
  An orc wizard (D:5)
  A mummy (D:3)
  8 adders
  A shadow imp (D:5)
  6 worms
  3 dart slugs
  5 orcs
  7 endoplasms
  7 giant cockroaches
  8 goblins
  8 hobgoblins
  10 jackals
  6 quokkas
  11 ball pythons
  3 frilled lizards
  3 kobolds
  3 rats
95 creatures vanquished.

Notes
Turn   | Place    | Note
-------+----------+-------------------------------------------
     0 | D:1      | 112233 the Deep Elf Air Elementalist began the quest for
                  | the Orb.
     0 | D:1      | Reached XP level 1. HP: 10/10 MP: 6/6
   336 | D:1      | Reached XP level 2. HP: 15/15 MP: 4/8
  1145 | D:2      | Reached XP level 3. HP: 3/19 MP: 1/9
  1624 | D:2      | Learned a level 2 spell: Static Discharge
  1905 | D:2      | Reached XP level 4. HP: 20/24 MP: 4/11
  1964 | D:2      | Noticed Sigmund
  2309 | D:3      | Found a faded altar of an unknown god.
  2621 | D:3      | Reached skill level 4 in Spellcasting
  3031 | D:3      | Found a shimmering blue altar of Sif Muna.
  3047 | D:3      | Found a snail-covered altar of Cheibriados.
  3171 | D:4      | Found Fovaurr's Magic Scroll Shop.
  3181 | D:4      | Reached XP level 5. HP: 28/28 MP: 9/13
  3318 | D:4      | Found an iron altar of Okawaru.
  3498 | D:4      | Noticed an ogre
  3509 | D:4      | Bought a scroll of identify for 24 gold pieces
  3998 | D:4      | Noticed Eustachio
  4376 | D:5      | Entered Level 5 of the Dungeon
  4376 | D:5      | Noticed a sky beast
  4454 | D:4      | Reached XP level 6. HP: 21/32 MP: 2/14
  5003 | D:4      | Reached skill level 5 in Spellcasting
  5021 | D:5      | Noticed an ice beast
  5052 | D:5      | Gained mutation: Your spells are a little easier to cast,
                  | but a little less powerful. [potion of mutation]
  5052 | D:5      | Gained mutation: You occasionally lose the ability to drink
                  | potions when taking damage. [potion of mutation]
  5052 | D:5      | Gained mutation: You have a pair of small horns on your
                  | head. [potion of mutation]
  5052 | D:5      | Gained mutation: You have sharp fingernails. [potion of
                  | mutation]
  5141 | D:4      | Demolished by an ogre

Illustrated notes

Levels and vault maps discovered:
D:1:      minmay_arrival_open_corners, layout_loops_ring
D:2:      layout_loops_ring, uniq_sigmund
D:3:      layout_rooms, slow_altar_1, mainiacjoe_overflow_alcove_2,
          portal_sewer_entry_a, shapermc_ecumenical_altar_petra,
          nicolae_elevator_lobby_plus
D:4:      layout_loops_ring, kennysheep_okawaru_gauntlet, enter_ossuary_5,
          nicolae_inconvenience_store, uniq_eustachio
D:5:      cheibrodos_quashed, layout_basic, minmay_fractal_squares_5

Skill      XL: |  1  2  3  4  5  6 |
---------------+-------------------+-----
Stealth        | 3 4 |  4.1
Dodging        | 3 4 |  4.4
Conjurations   | 2 3 |  3.4
Spellcasting   | 4 5 |  5.0
Air Magic      | 4 |  4.2

Action                     |  1- 3 |  4- 6 || total
---------------------------+-------+-------++-------
  Melee: Unarmed           |     2 |       ||     2
         Dagger            |     8 |     2 ||    10
   Cast: Shock             |   102 |   168 ||   270
         Static Discharge  |     1 |    10 ||    11
    Use: Potion            |     1 |     5 ||     6
         Scroll            |       |     9 ||     9
 Armour: Robe              |     7 |    15 ||    22
  Dodge: Dodged            |    28 |    39 ||    67

Table legend: (Time is in decaauts)
 A = Elapsed time spent in this place.
 B = Non-inter-level travel time spent in this place.
 C = Inter-level travel time spent in this place.
 D = Time resting spent in this place.
 E = Time spent auto-exploring this place.
 F = Levels seen in this place.
 G = Mean time per level.
                   A        B        C        D        E       F      G
               +--------+--------+--------+--------+--------+-----+--------+
         Total |   5132 |   4745 |    387 |    232 |   3779 |   5 | 1026.4 |
       Dungeon |   5132 |   4745 |    387 |    232 |   3779 |   5 | 1026.4 |
               +--------+--------+--------+--------+--------+-----+--------+

Top non-repeatable levels by time:
     D:4: 1491 daAuts
     D:3: 1245 daAuts
     D:2: 1081 daAuts
     D:1: 1020 daAuts
     D:5: 294 daAuts
